Map: Hard Lead LE

Players

Dark - Winner!

  • Race: Zerg Zerg
  • Spawn Location: 11:00

MaxPax

  • Race: Protoss Protoss
  • League: Master
  • Spawn Location: 5:00

VOD

Have the link to the VOD?

Description

Time

  • Played on: Nov. 28, 2023, 6:21 a.m.
  • Length: 5:23
Show
View Real Time Build Order
Export as new Build Order

Dark Zerg - Winner!

Build Orders: Hatch First 

Get SALT Encoding   

  12  0:00  Drone  
  13  0:13  Overlord  
  13  0:18  Drone  
  14  0:32  Drone x2  
  16  0:49  Drone  
  17  0:53  Hatchery  
  16  0:57  Drone  
  16  0:58  Drone  
  16  1:04  Extractor  
  17  1:14  Spawning Pool  
  17  1:17  Drone  
  17  1:21  Drone  
  18  1:28  Drone  
  19  1:41  Drone  
  20  1:50  Overlord  
  20  2:01  Queen  
  20  2:05  Queen, Metabolic Boost  
  20  2:08  Zergling x2  
  25  2:14  Zergling x4  
  27  2:18  Zergling x2  
  28  2:24  Zergling x2  
  28  2:28  Zergling x2  
  30  2:42  Hatchery  
  29  2:46  Zergling x4  
  31  2:55  Zergling x4  
  31  3:07  Zergling x6  
  34  3:21  Zergling x2  
  35  3:33  Zergling x2  
  34  3:40  Zergling x2  
  34  3:46  Zergling x6  
  34  3:48  Zergling x2  
  35  3:50  Zergling x2  
  35  3:54  Zergling x8  
  39  3:56  Zergling x2  
  39  4:05  Zergling x6  
  41  4:15  Zergling x4  
  41  4:20  Zergling x2  
  40  4:24  Zergling x2  
  40  4:26  Overlord x2  
  40  4:31  Zergling x4  
  42  4:37  Zergling x2  
  42  4:43  Zergling x2, Overlord  
  39  4:45  Zergling x4  
  39  4:46  Zergling x4  
  39  4:52  Zergling x2  
  42  4:56  Zergling x8  
  42  4:57  Zergling x2  
  45  5:02  Zergling x6  
  45  5:04  Zergling x2  
Show
View Real Time Build Order
Export as new Build Order

MaxPax Protoss 

Build Orders: 1 Gate Expand, Oracle Opening 

Get SALT Encoding   

  12  0:00  Probe  
  13  0:12  Probe  
  14  0:20  Pylon  
  14  0:24  Probe  
  15  0:38  Probe (Chrono Boost)  
  15  0:40  Gateway  
  16  0:48  Assimilator, Probe (Chrono Boost)  
  17  0:53  Probe (Chrono Boost)  
  18  1:04  Probe  
  19  1:16  Probe  
  20  1:27  Nexus  
  20  1:36  Cybernetics Core  
  20  1:39  Probe  
  21  1:44  Assimilator  
  21  1:51  Probe  
  22  1:55  Pylon  
  22  2:03  Probe  
  23  2:10  Adept (Chrono Boost)  
  25  2:15  Probe  
  25  2:18  Stargate  
  26  2:28  Warp Gate, Probe (Chrono Boost)  
  27  2:30  Adept (Chrono Boost)  
  29  2:38  Probe (Chrono Boost)  
  31  2:46  Probe (Chrono Boost)  
  31  2:48  Probe (Chrono Boost)  
  32  2:52  Probe (Chrono Boost)  
  32  2:53  Adept, Probe (Chrono Boost)  
  36  3:03  Oracle (Chrono Boost)  
  36  3:04  Probe  
  36  3:05  Probe  
  38  3:12  Pylon  
  41  3:16  Probe  
  41  3:18  Pylon  
  42  3:21  Pylon  
  36  3:27  Probe  
  36  3:33  Oracle (Chrono Boost)  
  33  3:44  Pylon  
  29  3:50  Gateway  
  29  3:55  Shield Battery  
  29  4:07  Pylon  
  29  4:15  Pylon  
  29  4:21  Adept  
  31  4:33  Pylon  
  31  4:34  Shield Battery  
  31  4:43  Pylon  
  31  4:50  Zealot  
  33  4:55  Zealot  
  33  5:11  Zealot  
Tags
 
Add a new tag
Caveats
  • Supply blocks, unpowered buildings, or Contaminate may cause inaccurate times.
  • Supply counts are checked every 10 seconds.